 Dungeon Crawl Stone Soup version 0.30-a0-1082-g70414cbcbb (webtiles) character file.

Game seed: 2825584729513991519

189 CryoSword the Firebug (level 5, -12/38 HPs)
             Began as a Demigod Fire Elementalist on Apr 14, 2023.
             Killed by nerve-wracking pain
             ... invoked by Grinder
              (14 damage)
             ... on level 3 of the Dungeon.
             The game lasted 00:04:11 (3341 turns).

CryoSword the Firebug (Demigod Fire Elementalist)   Turns: 3341, Time: 00:04:12

Health: -12/38     AC:  7    Str:  9    XL:     5   Next: 17%
Magic:  0/10       EV: 12    Int: 21    God:
Gold:   95         SH:  0    Dex: 14    Spells: 1/7 levels left

rFire   . . .      SeeInvis .    s - +2 whip (elec)
rCold   . . .      Faith    .    (no shield)
rNeg    . . .      Spirit   .    a - +0 robe
rPois   .          Reflect  .    (no helmet)
rElec   .          Rampage  .    (no cloak)
rCorr   .                        p - +0 pair of gloves
Will    .....                    (no boots)
Stlth   ++                       (no amulet)
HPRegen 0.26/turn                d - +4 ring of protection
MPRegen 0.12/turn                (no ring)

@: no status effects
A: high MP 1, forlorn, divine attributes
a: no special abilities


You were on level 3 of the Dungeon.
You visited 1 branch of the dungeon, and saw 3 of its levels.

You collected 95 gold pieces.

Inventory:

Hand Weapons
 s - a +2 whip of electrocution (weapon)
   (You took it off an orc on level 3 of the Dungeon)
Missiles
 e - 4 poisoned darts
 q - 2 boomerangs
Armour
 a - a +0 robe (worn)
 p - a +0 pair of gloves (worn)
   (You found it on level 3 of the Dungeon)
Jewellery
 d - a +4 ring of protection (left hand)
   (You found it on level 1 of the Dungeon)
Scrolls
 f - 4 scrolls of teleportation {@r4}
 i - 2 scrolls of amnesia
Potions
 b - a potion of magic
 c - a potion of might {unknown}
 g - a potion of mutation {unknown}
 j - 2 potions of flight {unknown}
 k - a potion of heal wounds {unknown}
 l - a potion of lignification {unknown}
 m - a potion of curing {unknown}


   Skills:
 - Level 1.0 Axes
 + Level 0.1(0.6) Maces & Flails
 - Level 1.7 Dodging
 - Level 1.7 Stealth
 - Level 1.7 Spellcasting
 + Level 3.2 Conjurations
 + Level 0.0 Translocations
 + Level 4.2 Fire Magic


You had one spell level left.
You knew the following spells:

 Your Spells              Type           Power      Damage    Failure   Level
a - Foxfire               Conj/Fire      68%        2x1d7     3%          1
b - Scorch                Fire           38%        2d7       4%          2
y - Volatile Blastmotes   Fire/Tloc      20%        2d11      19%         3

Your spell library contained the following spells:

 Spells                   Type           Power      Damage    Failure   Level
 Inner Flame              Hex/Fire       10%        N/A       19%         3
 Flame Wave               Conj/Fire      17%        2d7       32%         4
 Summon Forest            Summ/Tloc      0%         N/A       99%         5
 Eringya's Noxious Bog    Tmut/Pois      0%         N/A       100%        6
 Summon Hydra             Summ           0%         N/A       100%        7


Dungeon Overview and Level Annotations

Branches:
Dungeon (3/15)

Annotations:
D:3 Grinder


Innate Abilities, Weirdness & Mutations

You have an increased reservoir of magic. (+10% MP)
You shall have no god before yourself.
Your divine heritage dramatically boosts your attributes as you level up.


Message History

A frilled lizard is nearby!
A frilled lizard is nearby!
Okay, then.
An orc and a giant cockroach come into view.
The helpless frilled lizard fails to defend itself.
You hit the frilled lizard.
Lightning courses through the frilled lizard!
You kill the frilled lizard!
The giant cockroach bites you.
You see here a frilled lizard corpse.
You closely miss the giant cockroach.
The orc shouts!
The giant cockroach barely misses you.
You hit the giant cockroach but do no damage.
Lightning courses through the giant cockroach!
You kill the giant cockroach!
You closely miss the orc. The orc barely misses you.
You hit the orc but do no damage. The orc completely misses you.
You hit the orc. The orc hits you but does no damage.
You hit the orc but do no damage. The orc hits you but does no damage.
You completely miss the orc. The orc hits you but does no damage.
You barely miss the orc. The orc hits you but does no damage.
You hit the orc but do no damage. The orc misses you.
You hit the orc but do no damage. The orc barely misses you.
You hit the orc. Lightning courses through the orc!
You kill the orc!
No target in view!
As you read the scroll labelled BIWIEB TAMMUOSO, it crumbles to dust.
It is a scroll of identify.
n - a potion of degeneration
As you read the scroll labelled CYAPNO FY WANA, it crumbles to dust.
It is a scroll of enchant weapon.
Your +1 whip of electrocution glows red for a moment.
You drop a potion of degeneration {!q}.
A frilled lizard comes into view.
The frilled lizard hisses angrily.
A frilled lizard is nearby!
A frilled lizard is nearby!
A frilled lizard is nearby!
You closely miss the frilled lizard. The frilled lizard barely misses you.
You hit the frilled lizard. The frilled lizard barely misses you.
You barely miss the frilled lizard. The frilled lizard closely misses you.
You closely miss the frilled lizard. The frilled lizard barely misses you.
You miss the frilled lizard. The frilled lizard closely misses you.
A frilled lizard is nearby!
A frilled lizard is nearby!
You miscast Scorch.
You are very lightly contaminated with residual magic.
Nothing appears to happen.
The frilled lizard misses you.
Flames lash the frilled lizard.
You kill the frilled lizard!
Your magical contamination has completely faded away.
An endoplasm comes into view.
The endoplasm quivers.
An endoplasm is nearby!
An endoplasm is nearby!
Flames lash the endoplasm.
You kill the endoplasm!
You can't see any susceptible monsters within range! (Use Z to cast anyway.) Unknown command.
This spell is quite dangerous to cast!
Memorise Volatile Blastmotes, consuming 3 spell levels and leaving 1?
You start memorising the spell.
You continue memorising. x3
You finish memorising.
Spell assigned to 'c'.
Adjust (i)tems, (s)pells, or (a)bilities?
Adjust which spell? c - Volatile Blastmotes Adjust to which letter? y - Volatile Blastmotes Adjust (i)tems, (s)pells, or (a)bilities?
Adjust which spell?
Okay, then.
Okay, then.
A kobold comes into view. It is wielding a +0 short sword.
A kobold is nearby!
A kobold is nearby!
A kobold is nearby!
The kobold shouts!
Flames lash the kobold.
You kill the kobold!
You see here a +0 short sword.
Items here: ))) [ ÷.
Found a ring mail.
Found a stone staircase leading down.
There is a stone staircase leading down here.
Found a spear.
There is a stone staircase leading down here.
You now have 95 gold pieces (gained 5).
You see here a +0 spear.
There is a stone staircase leading down here.
i - 2 scrolls of amnesia (gained 1)
Found 7 stones.
You see here 7 stones.
e - 4 poisoned darts
Found a stone staircase leading up.
An orc comes into view. It is wielding a +0 dagger.
Found a scroll of identify.
The orc shouts!
You hear a shout!
An orc is nearby!
An orc is nearby!
Flames lash the orc.
The orc's fire resistance burns away.
Flames lash the orc.
The orc is burned terribly!
You kill the orc!
Grinder comes into view.
Flames lash Grinder.
Grinder's fire resistance burns away.
Grinder grins, showing sharp teeth.
Flames lash Grinder.
Grinder is burned terribly!
Grinder misses you.
Flames lash Grinder.
Grinder is burned terribly!
Grinder hits you.
You writhe in agony.
You hit Grinder. Grinder barely misses you.
Things that are here:
a +0 dagger; a +0 leather armour; an orc corpse
There is a stone staircase leading up here.
Grinder attacks as you move away! Grinder hits you.
Grinder attacks as you move away! Grinder hits you.
You writhe in agony.
You conjure some foxfire!
Grinder hits you but does no damage.
You conjure some foxfire!
The foxfire hits Grinder.
Grinder is burned terribly!
The foxfire hits Grinder.
Grinder is burned terribly!
Grinder closely misses you.
You closely miss Grinder.
The foxfire hits Grinder.
The foxfire hits Grinder but does no damage.
Grinder hits you.
You writhe in agony.
* * * LOW HITPOINT WARNING * * *
You closely miss Grinder. Grinder gestures at you.
You resist with significant effort.
You barely miss Grinder. Grinder barely misses you.
You hit Grinder. Grinder hits you but does no damage.
You hit Grinder but do no damage.
Grinder is no longer more vulnerable to fire.
Grinder hits you!
* * * LOW HITPOINT WARNING * * *
You writhe in agony.
* * * LOW HITPOINT WARNING * * *
You conjure some foxfire!
Grinder gestures at you.
You suddenly lose the ability to move!
The foxfire hits Grinder. x2
Grinder gestures at you. You resist with significant effort.
Grinder completely misses you. Grinder hits you!
* * * LOW HITPOINT WARNING * * *
You can move again.
You closely miss Grinder.
Grinder blinks!
You barely miss Grinder.
Grinder grins, showing sharp teeth.
Grinder gestures at you. Pain shoots through your body!
You die...

####### #### ###
......# #.. ..#
#####.# #.#
#.### #
#.####.#####.5.#
#
#........)<§@..#
#
#.####.#####.?.#
#####.# #...
...## ......#
########.#
####### .. #
######### .## #
#.......# .# ###
#.......# .. ..#
#.......#


You could see Grinder.

Vanquished Creatures
  A scorpion (D:3)
  An orc wizard (D:3)
  4 adders
  7 orcs (D:3)
  3 endoplasms
  4 giant cockroaches
  3 hobgoblins (D:1)
  4 jackals (D:2)
  4 kobolds
  2 quokkas (D:1)
  7 ball pythons
  5 bats
  7 frilled lizards
  6 goblins
  5 rats
  A spectral orc (D:3)
64 creatures vanquished.

Vanquished Creatures (others)
  148 foxfires
148 creatures vanquished.

Grand Total: 212 creatures vanquished

Notes
Turn   | Place    | Note
-------+----------+-------------------------------------------
     0 | D:1      | CryoSword the Demigod Fire Elementalist began the quest for
                  | the Orb.
     0 | D:1      | Reached XP level 1. HP: 14/14 MP: 5/5
    88 | D:1      | Reached skill level 1 in Conjurations
   408 | D:1      | Reached skill level 3 in Fire Magic
   610 | D:1      | Reached XP level 2. HP: 20/20 MP: 7/7
  1292 | D:2      | Learned a level 2 spell: Scorch
  1398 | D:2      | Reached XP level 3. HP: 25/26 MP: 1/8
  2385 | D:3      | Noticed a scorpion
  2404 | D:3      | Killed a scorpion
  2405 | D:3      | Reached skill level 4 in Fire Magic
  2405 | D:3      | Reached XP level 4. HP: 19/33 MP: 0/9
  2956 | D:3      | Reached skill level 1 in Axes
  2956 | D:3      | Reached XP level 5. HP: 38/38 MP: 1/10
  3162 | D:3      | Learned a level 3 spell: Volatile Blastmotes
  3320 | D:3      | Noticed Grinder
  3336 | D:3      | Paralysed by Grinder for 4 turns
  3341 | D:3      | Killed from afar by Grinder

Illustrated notes

Levels and vault maps discovered:
D:1:      psy_arrival_radial01, layout_loops_corners
D:2:      layout_basic, nicolae_ecumenical_snake_handling,
          corexii_hall_statues_u
D:3:      layout_loops_cross, yredelemnul_forgotten_temple_becter, uniq_grinder

Skill      XL: |  1  2  3  4 |
---------------+-------------+-----
Conjurations   | 1 2 3 |  3.2
Fire Magic     | 3 4 |  4.2
Axes           | 1 |  1.0
Maces & Flails | |  0.1
Dodging        | |  1.7
Stealth        | |  1.7
Spellcasting   | |  1.7

Action                     |  1- 3 |  4- 6 || total
---------------------------+-------+-------++-------
  Melee: Club              |    23 |       ||    23
         Short sword       |    19 |       ||    19
         Punch             |     1 |       ||     1
         Dagger            |       |     3 ||     3
         Whip              |       |    25 ||    25
   Cast: Foxfire           |    65 |    21 ||    86
         Scorch            |    12 |    14 ||    26
    Use: Scroll            |     5 |     2 ||     7
   Stab: Sleeping          |     2 |     1 ||     3
 Armour: Robe              |    23 |     8 ||    31
  Dodge: Dodged            |    63 |    17 ||    80

Table legend: (Time is in decaauts)
 A = Elapsed time spent in this place.
 B = Non-inter-level travel time spent in this place.
 C = Inter-level travel time spent in this place.
 D = Time resting spent in this place.
 E = Time spent auto-exploring this place.
 F = Levels seen in this place.
 G = Mean time per level.
                   A        B        C        D        E       F      G
               +--------+--------+--------+--------+--------+-----+--------+
         Total |   3346 |   3311 |     35 |     97 |   2711 |   3 | 1115.3 |
       Dungeon |   3346 |   3311 |     35 |     97 |   2711 |   3 | 1115.3 |
               +--------+--------+--------+--------+--------+-----+--------+

Top non-repeatable levels by time:
     D:1: 1287 daAuts
     D:2: 1178 daAuts
     D:3: 880 daAuts
